 Dungeon Crawl Stone Soup version 0.31-a0-532-g28f74ba3e5 (webtiles) character file.

Game seed: 7909782368910285773

1468 Zonian the Ruffian (level 8, -6/56 HPs)
             Began as an Octopode Shapeshifter on Aug 12, 2023.
             Was an Initiate of Ashenzari.
             Mangled by an orc
             ... wielding a +0 war axe
              (8 damage)
             ... on level 6 of the Dungeon.
             The game lasted 00:14:28 (6752 turns).

Zonian the Ruffian (Octopode Shapeshifter)          Turns: 6752, Time: 00:14:28

Health: -6/56      AC:  1    Str: 16    XL:     8   Next: 77%
Magic:  0/8        EV: 14    Int: 17    God:    Ashenzari [......]
Gold:   203        SH:  0    Dex: 12    Spells: 7/7 levels left

rFire   . .          .
                       - Unarmed
rCold   . . .        (no shield)
rNeg    . . .        (helmet currently unavailable)
rPois   .            j - amulet of guardian spirit
rElec   .            a - ring "Astrological Omen" {Int+6, Comp, Bglg} (curse)
rCorr   .            (no ring)
SInv    .            (no ring)
Will    .....        (no ring)
Stlth   +++          (no ring)
HPRegen 0.29/turn    (no ring)
MPRegen 0.11/turn    (no ring)
                     (no ring)

%: guardian spirit
@: beast-form, on berserk cooldown, slowed, very slow
A: beast (slay +3), almost no armour, amphibious, 8 rings, camouflage 1,
gelatinous body 1, (nimble swimmer 1), tentacles
a: Begin Untransformation, Renounce Religion, Shatter the Chains


You were on level 6 of the Dungeon.
You worshipped Ashenzari.
Ashenzari was noncommittal.
You were a hulking beast.
You visited 2 branches of the dungeon, and saw 7 of its levels.

You collected 203 gold pieces.

Inventory:

Jewellery
 a - the cursed ring "Astrological Omen" (left tentacle) {Int+6, Comp, Bglg}
   (You found it on level 4 of the Dungeon)

   [ring of intelligence]

   Int+6:     It affects your intelligence (+6).
   It has a curse which improves the following skills: Companions: Summonings
   and Necromancy.
   Beguiling: Conjurations, Hexes and Translocations.
 j - an amulet of guardian spirit (around mantle)
Talismans
 b - a beast talisman (active)
 c - a flux talisman
 s - a blade talisman
Wands
 i - a wand of paralysis (7)
Scrolls
 f - a scroll of noise
 l - a scroll of butterflies
 n - a scroll of enchant armour
 o - 2 scrolls of vulnerability {unknown}
 r - a scroll of silence {unknown}
 t - a scroll of revelation
Potions
 d - 5 potions of heal wounds
 h - a potion of brilliance
 m - 2 potions of curing
 q - a potion of cancellation


   Skills:
 + Level 5.5 Fighting
 - Level 3.8 Dodging
 - Level 4.0 Stealth
 + Level 6.3 Unarmed Combat
 + Level 5.4 Shapeshifting


You had 7 spell levels left.
You didn't know any spells.
Your spell library contained the following spells:

 Spells                   Type           Power      Damage    Failure   Level
 Wereblood                Tmut           0%         N/A       34%         2
 Irradiate                Conj/Tmut      0%         3d11      100%        5


Dungeon Overview and Level Annotations

Branches:
Dungeon (6/15)             Temple (1/1) D:4

Altars:
Ashenzari
Cheibriados
Dithmenos
Gozag
Hepliaklqana
Kikubaaqudgha
Makhleb
Okawaru
Qazlal
Trog
Vehumet
Xom
Yredelemnul
The Shining One

Shops:
D:1 ?   D:4 (

Annotations:
D:6 Grinder


Innate Abilities, Weirdness & Mutations

You are a hulking beast.
Your limbs bulge with bestial killing power. (Slay +3)
You cannot wear most types of armour.
You are amphibious.
You can wear up to eight rings at the same time.
Your skin changes colour to match your surroundings (Stealth+).
Your rubbery body absorbs attacks. (AC +1, EV +1)
((You are camouflaged when in or above water. (Stealth+)))
You have tentacles for arms and can constrict up to eight enemies at once.


Message History

The hound bites your butterfly.
Your butterfly dies!
Your butterfly disappears in a burst of colours!
The hound barely misses your butterfly. Something bites your butterfly.
Your butterfly dies!
Your butterfly disappears in a burst of colours!
An orc comes into view. It is wielding a +0 war axe.
The hound attacks as you move away! The hound bites you.
An ice beast comes into view.
The hound completely misses you. The hound bites you.
You tentacle-slap the hound. Your grab misses the hound.
The hound is lightly wounded.
The hound bites you but does no damage. The hound misses you.
You barely miss the hound. You grab the hound. You squeeze the hound!
The hound is severely wounded.
You constrict the hound. The hound bites you. The hound completely misses you.
You tentacle-slap the hound.
You kill the hound!
The ice beast misses you.
You tentacle-slap the ice beast but do no damage.
The ice beast hits you. The ice beast freezes you!
* * * LOW HITPOINT WARNING * * *
You bludgeon the ice beast! You squeeze the ice beast!
The ice beast is almost dead.
The orc completely misses you. The ice beast hits you.
* * * LOW HITPOINT WARNING * * *
The ice beast freezes you!
* * * LOW HITPOINT WARNING * * *
The orc closely misses you. The ice beast misses you.
Okay, then.
Aiming: Paralyse
Press: ? - help, Shift-Dir - straight line, f - ice beast
Aim: an ice beast (almost dead, chance to affect: 49%)
Okay, then.
You tentacle-slap the ice beast. You squeeze the ice beast.
You kill the ice beast!
The orc hits you with a +0 war axe!
You die...

#.# ###. # #o# ... #.##.#
####.#..# ## #..bb..#
########. #.#......#
##........ #...P_P..#
##...#####.
#.....P.#########...#####..
###....bboh....[.......)...
####..b########...######.
####. ......## #. ..
..?.#..# #. .........## ..
.......### .. ......# ..
...... #..


You could see an orc.

Vanquished Creatures
  Edmund (D:4)
  Duvessa (D:5)
  A water moccasin (D:5)
  2 black bears (D:6)
  An ice beast (D:6)
  5 wights (D:6)
  Dowan (D:5)
  3 jellies
  5 hounds
  2 orc priests (D:5)
  A gnoll bouda (D:5)
  A sleepcap (D:5)
  An iguana (D:5)
  4 orc wizards
  Robin (D:3)
  3 adders
  4 gnolls
  A shadow imp (D:6)
  2 worms (D:3)
  3 dart slugs
  16 orcs
  8 bats
  7 endoplasms
  3 giant cockroaches
  8 goblins
  4 hobgoblins
  3 jackals (D:1)
  2 quokkas
  4 ball pythons (D:1)
  2 frilled lizards
  6 kobolds
  3 rats
109 creatures vanquished.

Notes
Turn   | Place    | Note
-------+----------+-------------------------------------------
     0 | D:1      | Zonian the Octopode Shapeshifter began the quest for the
                  | Orb.
     0 | D:1      | Reached XP level 1. HP: 13/13 MP: 1/1
    15 | D:1      | Found Gukk's Magic Scroll Emporium.
   153 | D:1      | Reached XP level 2. HP: 3/18 MP: 2/2
   943 | D:1      | Reached XP level 3. HP: 23/23 MP: 3/3
  1682 | D:2      | Reached XP level 4. HP: 15/29 MP: 2/4
  2454 | D:3      | Noticed Robin
  2460 | D:3      | Killed Robin
  2848 | D:3      | Reached XP level 5. HP: 29/35 MP: 5/5
  3382 | D:4      | Reached skill level 4 in Unarmed Combat
  3645 | D:4      | Found a staircase to the Ecumenical Temple.
  3873 | Temple   | Entered the Ecumenical Temple
  3931 | Temple   | Became a worshipper of Ashenzari the Shackled
  4093 | D:4      | Noticed Edmund
  4113 | D:4      | Killed Edmund
  4114 | D:4      | Reached XP level 6. HP: 42/42 MP: 6/6
  4479 | D:4      | Found Bimebbe's Antique Weapon Shop.
  4744 | D:5      | Entered Level 5 of the Dungeon
  4813 | D:5      | Reached skill level 1 in Stealth
  4813 | D:5      | Reached XP level 7. HP: 39/46 MP: 5/7
  5160 | D:5      | Noticed Duvessa
  5161 | D:5      | Noticed Dowan
  5172 | D:5      | Killed Duvessa
  5176 | D:5      | Killed Dowan
  5177 | D:5      | Found a basalt altar of Yredelemnul.
  5225 | D:5      | Found an ancient bone altar of Kikubaaqudgha.
  5226 | D:5      | Found a snail-covered altar of Cheibriados.
  5228 | D:5      | Found an opulent altar of Gozag.
  5723 | D:5      | Reached skill level 5 in Unarmed Combat
  5786 | D:5      | HP: 1/48 [acid (5)]
  6040 | D:5      | Reached XP level 8. HP: 34/54 MP: 6/8
  6692 | D:6      | Reached skill level 5 in Shapeshifting
  6694 | D:6      | Reached skill level 5 in Fighting
  6716 | D:6      | HP: 4/81 [black bear (4)]
  6717 | D:6      | Reached skill level 6 in Unarmed Combat
  6719 | D:6      | Noticed Grinder
  6727 | D:6      | HP: 1/56 [hound (4)]
  6735 | D:6      | Found a bloodstained altar of Trog.
  6751 | D:6      | HP: 1/56 [ice beast (8)]
  6752 | D:6      | Mangled by an orc

Illustrated notes

Levels and vault maps discovered:
D:1:      heliophobic_arrival_battle_scene, layout_basic, serial_shops, shop
D:2:      layout_basic, kennysheep_generic_room_4
D:3:      layout_basic, uniq_robin
D:4:      layout_basic, minmay_temple_entry_tees, serial_shops, shop_statue,
          ebering_dispersal_statue_hall, uniq_edmund
D:5:      layout_rooms, minitemple, uniq_duvessa
D:6:      layout_rooms, trog_ov_bears_minmay, fedhas_altar_decomposition,
          nicolae_sif_muna_little_library, nicolae_houndstooth_variations,
          uniq_prince_ribbit1, uniq_grinder
Temple:   jpeg_temple_island

Skill      XL: |  1  2  3  4  5  6  7  8 |
---------------+-------------------------+-----
Fighting       | 2 3 4 5 |  5.5
Dodging        | 3 |  3.8
Unarmed Combat | 4 5 6 |  6.3
Shapeshifting  | 4 5 |  5.4
Stealth        | 1 3 4 |  4.0

Action                     |  1- 3 |  4- 6 |  7- 9 || total
---------------------------+-------+-------+-------++-------
  Melee: Unarmed           |    73 |    86 |    90 ||   249
         Constrict         |    19 |    20 |    22 ||    61
         Tentacles         |     8 |    20 |    41 ||    69
         Punch             |     1 |     6 |     4 ||    11
 Invoke: Curse Item        |       |       |     1 ||     1
  Evoke: Wand              |       |     1 |     4 ||     5
    Use: Potion            |       |     1 |     6 ||     7
         Scroll            |       |     7 |     8 ||    15
   Stab: Sleeping          |     8 |     8 |     1 ||    17
         Paralysed         |       |     8 |     6 ||    14
 Armour: Skin              |     9 |    13 |     2 ||    24
  Dodge: Dodged            |    57 |    38 |    56 ||   151

Table legend: (Time is in decaauts)
 A = Elapsed time spent in this place.
 B = Non-inter-level travel time spent in this place.
 C = Inter-level travel time spent in this place.
 D = Time resting spent in this place.
 E = Time spent auto-exploring this place.
 F = Levels seen in this place.
 G = Mean time per level.
                   A        B        C        D        E       F      G
               +--------+--------+--------+--------+--------+-----+--------+
         Total |   6740 |   6588 |    152 |   2440 |   2938 |   7 |  962.9 |
       Dungeon |   6650 |   6498 |    152 |   2440 |   2938 |   6 | 1108.3 |
        Temple |     90 |     90 |      0 |      0 |      0 |   1 |   90.0 |
               +--------+--------+--------+--------+--------+-----+--------+

Top non-repeatable levels by time:
     D:5: 1727 daAuts
     D:4: 1495 daAuts
     D:1: 1347 daAuts
     D:3: 1054 daAuts
     D:2: 898 daAuts
     D:6: 127 daAuts
  Temple: 90 daAuts
